 Dungeon Sprint DCSS version 0.24.0-1-gfbc8707 (webtiles) character file.

Game seed: 12653565748941183983, levelgen mode: deterministic

10269 Fang the Warrior (level 11, 0/126 HPs)
             Began as a Gargoyle Berserker on Nov 1, 2019.
             Was the Champion of Trog.
             Incinerated by a balrug (6 damage)
             ... with a sticky flame
             ... in the Dungeon (Sprint V: "Ziggurat Sprint").
             The game lasted 00:02:34 (1047 turns).

Fang the Warrior (Gargoyle Berserker)               Turns: 1047, Time: 00:02:34

Health: 0/126      AC: 43    Str: 42    XL:     11   Next: 59%
Magic:  11/11      EV:  6    Int: 10    God:    Trog [******]
Gold:   0          SH: 27    Dex:  9    Spells: 10/10 levels left

rFire    . . .     SeeInvis .   j - +5 broad axe (venom)
rCold    . . .     Gourm    .   G - +18 shield of the Gong {rElec rN+ MR+ EV-5}
rNeg     + + .     Faith    .   b - +15 Maxwell's patent armour {-Cast -Tele rElec MR+ rCorr}
rPois    ∞         Spirit   .   (no helmet)
rElec    +         Reflect  .   D - +1 cloak {rPois}
rCorr    +         Harm     .   K - +0 pair of gloves "Cosoqayju" {Int+3}
MR       ++...     NoTele   +   (no boots) Stlth ..........NoCast +
                                (no amulet)
HPRegen  0.31/turn              E - +6 ring of strength
MPRegen  0.12/turn              F - +6 ring of strength

@: berserking, liquid flames, glowing, very quick
A: negative energy resistance 1, electricity resistance, unbreathing,
petrification resistance, rot immunity, AC +8
a: Berserk, Trog's Hand, Brothers in Arms, Renounce Religion


You were in the Dungeon.
You worshipped Trog.
Trog was exalted by your worship.
You were hungry.

You visited 1 branch

Inventory:

Hand Weapons
 a - a +5 battleaxe
 j - a +5 broad axe of venom (weapon)
 k - a +5 executioner's axe
 A - a +6 executioner's axe of venom
Armour
 b - the +15 Maxwell's patent armour (worn) {-Cast -Tele rElec MR+ rCorr}
   (You found it in the Dungeon)

   It insulates you from electricity.
   It affects your resistance to hostile enchantments.
   It prevents spellcasting.
   It prevents most forms of teleportation.
   It provides partial protection from all sources of acid and corrosion.
 D - a +1 cloak of poison resistance (worn)
 G - the +18 shield of the Gong (worn) {rElec rN+ MR+ EV-5}
   (You found it in the Dungeon)

   It affects your evasion (-5).
   It insulates you from electricity.
   It protects you from negative energy.
   It affects your resistance to hostile enchantments.
 K - the +0 pair of gloves "Cosoqayju" (worn) {Int+3}
   (You found it in the Dungeon)

   It affects your intelligence (+3).
Jewellery
 z - the ring of Huepp {MR+ Str+2 Stlth+}
   (You found it in the Dungeon)

   [ring of stealth]

   It affects your strength (+2).
   It affects your resistance to hostile enchantments.
   It makes you more stealthy.
 B - an uncursed ring of protection from cold
 C - an uncursed ring of protection from cold
 E - a +6 ring of strength (left hand)
 F - a +6 ring of strength (right hand)
 H - a +2 ring of strength
 I - a +2 ring of evasion
 J - an uncursed amulet of the acrobat
Wands
 w - a wand of disintegration (7)
 x - a wand of iceblast (7)
 y - a wand of acid (7)
Scrolls
 i - 4 scrolls of blinking
 l - 7 scrolls of fog
 m - a scroll of holy word
 n - 4 scrolls of identify
 o - 5 scrolls of remove curse
 p - 2 scrolls of fear
Potions
 d - 10 potions of curing
 e - 10 potions of heal wounds
 f - 6 potions of haste
 g - 7 potions of magic
 h - 3 potions of berserk rage
 q - 2 potions of brilliance
 r - 2 potions of invisibility
 s - 4 potions of resistance
 t - a potion of experience
 u - 5 potions of agility
 v - 5 potions of might
Comestibles
 c - 7 rations


   Skills:
 * Level 16.5 Fighting
 * Level 14.2 Axes
 + Level 13.6 Armour
 + Level 10.7 Dodging


You had 10 spell levels left.
You didn't know any spells.
Your spell library was empty.

Dungeon Overview and Level Annotations

Branches:
Dungeon (1/1)

Altars:
Ashenzari
Cheibriados
Dithmenos
Elyvilon
Fedhas
Gozag
Hepliaklqana
Kikubaaqudgha
Makhleb
Nemelex Xobeh
Okawaru
Qazlal
Ru
Sif Muna
Trog
Uskayaw
Vehumet
Wu Jian
Xom
Yredelemnul
Zin
The Shining One
Beogh
Jiyva
Lugonu

Annotations:
D 1 transporter


Innate Abilities, Weirdness & Mutations

You are resistant to torment.
Your stone body is resilient. (AC +8)
You are immune to poison.
You resist negative energy. (rN+)
You are resistant to electric shocks. (rElec)
You can survive without breathing.
You are immune to petrification.
You are immune to rotting.


Message History

Your Axes skill increases to level 14!
You feel a bit more experienced. The balrug gestures at you.
The fireball explodes!
The fireball engulfs you!!
* * * LOW HITPOINT WARNING * * *
The fireball engulfs the balrug.
The balrug completely resists.
You slash the balrug!
The balrug is heavily wounded.
The balrug gestures at you.
The sticky flame hits you but does no damage.
You are covered in liquid flames!
You carve the balrug like a ham!!!
You kill the balrug!
Trog accepts your kill. Something appears at your feet!
Trog grants you a weapon!
You are covered in liquid flames!
* * * LOW HITPOINT WARNING * * *
You are covered in liquid flames!
You die...

▓....©....▓...©...▓
▓▓▓▓▓▓▓▓▓▓▓▓▓▓▓▓▓▓▓▓▓
▓...8©8...▓...8©8...▓
▓..)=|="..▓..}:.)}..▓
▓..}:"""..▓...)..)..▓
▓.........▓.........▓
▓.........▓.........▓
▓...).)...▓.........▓
▓...@)....▓.........▓
▓.........▓.▓..)†.▓.▓
▓.▓.....▓.▓....©....▓
▓....©....▓▓▓▓▓▓▓▓▓▓▓
▓▓▓▓▓▓▓▓▓▓▓


There were no monsters in sight!

Vanquished Creatures
  2 balrugs (D)
  A rakshasa (D)
  A thrashing horror (D)
  An ironbrand convoker (D)
  A wolf spider (D)
  2 cyclopes (D)
  A worldbinder (D)
  3 toenail golems (D)
  A gargoyle (D)
  A tormentor (D)
  2 merfolk (D)
  A large abomination (D)
  2 hippogriffs (D)
  A spriggan (D)
  A shadow (D)
  An air elemental (D)
  An insubstantial wisp (D)
  4 black bears (D)
  A sky beast (D)
  A phantom (D)
  4 necrophages (D)
  6 wolves (D)
  2 earth elementals (D)
  A wight (D)
  2 iron imps (D)
  2 white imps (D)
  An ufetubus (D)
  2 adder zombies (D)
  3 bat skeletons (D)
  2 bat zombies (D)
  3 ball python skeletons (D)
  2 ball python zombies (D)
  A leopard gecko simulacrum (D)
  2 leopard gecko skeletons (D)
  A quokka zombie (D)
63 creatures vanquished.

Vanquished Creatures (others)
  An insubstantial wisp (D)
1 creature vanquished.

Grand Total: 64 creatures vanquished

Notes
Turn   | Place    | Note
-------+----------+-------------------------------------------
     0 | D        | Fang the Gargoyle Berserker began the quest for the Orb.
     0 | D        | Reached XP level 1. HP: 14/14 MP: 1/1
     7 | D        | Found a blossoming altar of Fedhas.
     8 | D        | Found the +6 Majin-Bo {vamp, Archmagi MP+6 Int+6}
     8 | D        | Found the +7 great mace "Firestarter" {inner flame, rF++}
     8 | D        | Found a viscous altar of Jiyva.
     8 | D        | Found a transporter.
     8 | D        | Found a hazy altar of Hepliaklqana.
     8 | D        | Found an ancient bone altar of Kikubaaqudgha.
     8 | D        | Found an opulent altar of Gozag.
     8 | D        | Found a corrupted altar of Lugonu.
    12 | D        | Found a burning altar of Makhleb.
    14 | D        | Found an iron altar of Okawaru.
    14 | D        | Found a stormy altar of Qazlal.
    14 | D        | Found a sparkling altar of Nemelex Xobeh.
    14 | D        | Found a sacrificial altar of Ru.
    14 | D        | Found a shimmering blue altar of Sif Muna.
    20 | D        | Found the +9 heavy crossbow "Sniper" {velocity, Acc+∞ SInv}
    20 | D        | Found the +10 dark maul {crush}
    20 | D        | Found the +15 Maxwell's patent armour {-Cast -Tele rElec
                  | MR+ rCorr}
    20 | D        | Found the +18 shield of the Gong {rElec rN+ MR+ EV-5}
    20 | D        | Found the cursed +14 obsidian axe {chop, +Fly SInv *Curse}
    41 | D        | Found a bloodstained altar of Trog.
    94 | D        | Entered arena 2.
    94 | D        | Noticed a black bear
    94 | D        | Noticed a wolf
    94 | D        | Found a transporter.
   103 | D        | Killed a black bear
   103 | D        | Reached skill level 5 in Fighting
   103 | D        | Reached skill level 5 in Armour
   103 | D        | Reached XP level 2. HP: 22/22 MP: 2/2
   103 | D        | Reached XP level 3. HP: 27/27 MP: 3/3
   103 | D        | Reached XP level 4. HP: 32/32 MP: 4/4
   105 | D        | Killed a wolf
   105 | D        | Reached skill level 6 in Fighting
   105 | D        | Reached skill level 5 in Axes
   105 | D        | Reached XP level 5. HP: 37/37 MP: 5/5
   241 | D        | Entered arena 3.
   241 | D        | Noticed an insubstantial wisp
   241 | D        | Noticed an air elemental
   241 | D        | Noticed an insubstantial wisp
   241 | D        | Found a transporter.
   244 | D        | Killed an insubstantial wisp
   244 | D        | Reached ** piety under Trog
   244 | D        | Reached skill level 7 in Fighting
   244 | D        | Reached skill level 5 in Dodging
   244 | D        | Reached XP level 6. HP: 44/44 MP: 6/6
   245 | D        | Killed an insubstantial wisp
   251 | D        | Killed an air elemental
   251 | D        | Reached skill level 8 in Fighting
   251 | D        | Reached XP level 7. HP: 31/50 MP: 7/7
   363 | D        | Entered arena 4.
   363 | D        | Found a transporter.
   370 | D        | Reached skill level 9 in Fighting
   372 | D        | Reached *** piety under Trog
   408 | D        | Entered arena 5.
   408 | D        | Noticed a wolf spider
   408 | D        | Noticed a rakshasa
   408 | D        | Noticed an ironbrand convoker
   408 | D        | Found a transporter.
   415 | D        | Killed a wolf spider
   415 | D        | Reached skill level 10 in Fighting
   415 | D        | Reached XP level 8. HP: 59/59 MP: 8/8
   417 | D        | Killed an ironbrand convoker
   417 | D        | Reached **** piety under Trog
   417 | D        | Reached skill level 11 in Fighting
   417 | D        | Reached skill level 10 in Armour
   419 | D        | Killed a rakshasa
   419 | D        | Reached skill level 12 in Fighting
   419 | D        | Reached skill level 10 in Axes
   419 | D        | Reached XP level 9. HP: 66/66 MP: 9/9
   451 | D        | Entered arena 6.
   451 | D        | Found a transporter.
   455 | D        | Reached ***** piety under Trog
   459 | D        | Reached skill level 13 in Fighting
   467 | D        | Entered arena 7.
   467 | D        | Noticed a toenail golem
   467 | D        | Noticed a toenail golem
   467 | D        | Noticed a gargoyle
   467 | D        | Noticed a toenail golem
   468 | D        | Found a transporter.
   473 | D        | Killed a gargoyle
   478 | D        | Killed a toenail golem
   478 | D        | Reached XP level 10. HP: 73/73 MP: 10/10
   480 | D        | Killed a toenail golem
   482 | D        | Killed a toenail golem
   482 | D        | Reached skill level 14 in Fighting
   617 | D        | Entered arena 8.
   617 | D        | Noticed a cyclops
   617 | D        | Noticed a cyclops
   618 | D        | Found a transporter.
   624 | D        | Reached ****** piety under Trog
   627 | D        | Received a gift from Trog
   628 | D        | Killed a cyclops
   632 | D        | Killed a cyclops
   840 | D        | Entered arena 9.
   841 | D        | Found a transporter.
   858 | D        | Entered arena 10.
   859 | D        | Found a transporter.
   863 | D        | Received a gift from Trog
   865 | D        | Reached skill level 15 in Fighting
   867 | D        | Reached skill level 10 in Dodging
   875 | D        | Got the ring of Huepp {MR+ Str+2 Stlth+}
   883 | D        | Entered arena 11.
   883 | D        | Noticed a worldbinder
   883 | D        | Noticed a thrashing horror
   884 | D        | Found a transporter.
   888 | D        | Killed a thrashing horror
   888 | D        | Reached XP level 11. HP: 71/81 MP: 11/11
   891 | D        | Received a gift from Trog
   894 | D        | Killed a worldbinder
   910 | D        | Got the +0 pair of gloves "Cosoqayju" {Int+3}
  1034 | D        | Entered arena 12.
  1034 | D        | Noticed a balrug
  1035 | D        | Noticed a balrug
  1036 | D        | Found the +7 pair of quick blades "Gyre" and "Gimble"
                  | {protect}
  1036 | D        | Found a transporter.
  1043 | D        | Killed a balrug
  1043 | D        | Reached skill level 16 in Fighting
  1046 | D        | Killed a balrug
  1046 | D        | Received a gift from Trog
  1046 | D        | HP: 5/126 [burnt (7)]
  1047 | D        | Incinerated by a balrug

Levels and vault maps discovered:
D:        sprint_v [room_start, room_1, room_2, room_3, room_4, room_5, room_6,
          room_7, room_8, room_9, room_10, room_11, room_12, room_13, room_14,
          room_15, room_16, room_17, room_18, room_19, room_20, room_21,
          room_22, room_23, room_24, room_25, room_26, room_27]

Skill      XL: |  1  2  3  4  5  6  7  8  9 10 11 |
---------------+----------------------------------+-----
Fighting       | 5 6 7 8 10 12 13 15 16 | 16.5
Axes           | 4 5 6 7 9 10 11 13 14 | 14.2
Armour         | 5 6 7 8 9 11 12 13 | 13.6
Dodging        | 3 4 5 6 7 8 9 10 | 10.7

Action                   |  1- 3 |  4- 6 |  7- 9 | 10-12 || total
-------------------------+-------+-------+-------+-------++-------
Melee: Broad axe         |     8 |    11 |    36 |    56 ||   111
Invok: Berserk           |     1 |       |     2 |     1 ||     4
  Use: Scroll            |       |       |     1 |     5 ||     6
  Eat: Chunk             |       |       |       |     3 ||     3
Armor: Plate armour      |    10 |    10 |    53 |    37 ||   110
Dodge: Dodged            |     1 |       |     7 |     9 ||    17
Block: Shield            |    22 |    22 |    75 |    99 ||   218
